 Dungeon Crawl Stone Soup version 0.20-a0-742-ge594533 (webtiles) character file.

434 Devintownsend the Covered (level 6, -17/56 HPs)
             Began as a Minotaur Fighter on Feb 24, 2017.
             Demolished by an ogre
             ... wielding a +0 giant club
              (26 damage)
             ... on level 4 of the Dungeon.
             The game lasted 00:08:31 (2317 turns).

Devintownsend the Covered (Minotaur Fighter)        Turns: 2317, Time: 00:08:31

Health: -17/56     AC:  9    Str: 23    XL:     6   Next: 67%
Magic:  5/5        EV:  8    Int:  5    God:
Gold:   204        SH: 10    Dex:  9    Spells: 5/5 levels left

rFire    . . .     SeeInvis .   m - +0 hand axe (elec)
rCold    . . .     Gourm    .   b - +0 scale mail
rNeg     . . .     Faith    +   c - +0 shield
rPois    .         Spirit   .   (helmet restricted)
rElec    .         Reflect  .   e - +0 cloak
rCorr    .         Harm     .   (no gloves)
MR       .....                  (no boots)
Stlth    ..........             v - amulet of faith
Regen    0.2/turn               (no ring)
MPRegen  0.1/turn               (no ring)

@: no status effects
A: retaliatory headbutt, horns 2
a: no special abilities


You were on level 4 of the Dungeon.
You were near starving.

You visited 1 branch of the dungeon, and saw 5 of its levels.

You collected 204 gold pieces.

Inventory:

Hand Weapons
 a - a +0 war axe
 j - a +0 hand axe of freezing
 m - a +0 hand axe of electrocution (weapon)
Armour
 b - a +0 scale mail (worn)
 c - a +0 shield (worn)
 e - a +0 cloak (worn)
Jewellery
 v - an amulet of faith (around neck)
Wands
 q - a wand of disintegration (11/24)
Scrolls
 i - 3 scrolls of teleportation {unknown}
 k - a scroll of fear {unknown}
 l - 2 scrolls of recharging {unknown}
 n - a scroll of identify {unknown}
 o - 2 scrolls of remove curse {unknown}
 r - a scroll of enchant weapon {unknown}
 u - a scroll of fog {unknown}
 w - a scroll of amnesia {unknown}
 x - a scroll of immolation {unknown}
Potions
 d - a potion of might
 p - 2 potions of heal wounds {unknown}
 s - a potion of mutation {unknown}
 t - 2 potions of degeneration {unknown}
 A - a potion of invisibility {unknown}
Books
 y - a book of Maledictions

   Spells                             Type                      Level
   a - Corona                         Hexes                        1
   b - Ensorcelled Hibernation        Hexes/Ice                    2
   c - Confuse                        Hexes                        3
   d - Tukima's Dance                 Hexes                        3
   e - Dazzling Spray                 Conjuration/Hexes            3
Comestibles
 f - 3 bread rations
 g - 2 royal jellies
 h - a meat ration
 z - 2 fruits


   Skills:
 + Level 5.1 Fighting
 - Level 4.1 Axes
 + Level 6.6 Armour
 - Level 5.3 Shields


You had 5 spell levels left.
You didn't know any spells.

Dungeon Overview and Level Annotations

Branches:
Dungeon (5/15)
 Temple: D:4-7

Altars:
Qazlal
Wu Jian
Yredelemnul
The Shining One


Innate Abilities, Weirdness & Mutations

You reflexively headbutt those who attack you in melee.
You have a pair of horns on your head.


Message History

Your Armour skill increases to level 6!
You block the ogre's attack.
You hit the ogre.
The ogre is moderately wounded.
You slash the ogre! Lightning courses through the ogre!
You kill the ogre!
Your Fighting skill increases to level 5!
You are near starving!
You hit the ogre.
The ogre is moderately wounded.
The ogre closely misses you.
You completely miss the ogre.
The ogre is moderately wounded.
The ogre hits you with a giant club!!
* * * LOW HITPOINT WARNING * * *
Found 19 sling bullets and 13 gold pieces.
You see here 19 sling bullets.
You see here a rapier.
The ogre hits you with a giant club!!
You die...

#### #.##.............##.#
.
...###.##.............##.#
.......................#.##
.....................#....#
.....................#....#
.....................#....#
...###.##.)..........#....#
...# #.##............#..>.#
...# #.##......O@....#....#
#### #######..............#
..#...##........#....#
.......#........#....#
................#....#
.......#.#.######....#
..#...##.#... ..######
######.######.#
#.##.#.######.#


You could see an ogre.

Vanquished Creatures
  An ogre (D:4)
  A centaur (D:3)
  A bullfrog (D:4)
  A centaur zombie (D:4)
  An orc wizard (D:3)
  A hound skeleton (D:4)
  3 gnolls (D:4)
  4 adders
  An ooze (D:1)
  2 worms (D:3)
  A dart slug (D:2)
  2 leopard geckos
  9 orcs (D:3)
  5 giant cockroaches
  4 hobgoblins
  6 jackals
  A ball python (D:1)
  8 bats
  2 frilled lizards (D:1)
  4 goblins
  6 kobolds
  7 rats
71 creatures vanquished.

Notes
Turn   | Place    | Note
-------+----------+-------------------------------------------
     0 | D:1      | Devintownsend the Minotaur Fighter began the quest for the Orb.
     0 | D:1      | Reached XP level 1. HP: 19/19 MP: 0/0
   114 | D:1      | Reached XP level 2. HP: 27/27 MP: 1/1
   122 | D:1      | Reached skill level 4 in Armour
   620 | D:1      | Reached XP level 3. HP: 22/33 MP: 2/2
   981 | D:2      | Found a basalt altar of Yredelemnul.
  1209 | D:2      | Found a stormy altar of Qazlal.
  1210 | D:2      | Noticed an earth elemental
  1212 | D:2      | Noticed a water elemental
  1212 | D:2      | Noticed a fire elemental
  1212 | D:2      | Noticed an air elemental
  1357 | D:3      | Reached XP level 4. HP: 38/40 MP: 3/3
  1429 | D:3      | Found an ornate altar of the Wu Jian Council.
  1493 | D:3      | Noticed a centaur
  1502 | D:3      | Killed a centaur
  1502 | D:3      | Reached skill level 5 in Shields
  1502 | D:3      | Reached XP level 5. HP: 19/46 MP: 4/4
  1556 | D:3      | Reached skill level 5 in Armour
  1694 | D:3      | Found a glowing golden altar of the Shining One.
  1761 | D:3      | Upgraded the game from 0.20-a0-739-g6bb112f to 0.20-a0-742-ge594533
  1927 | D:4      | Reached XP level 6. HP: 45/53 MP: 5/5
  1984 | D:5      | Entered Level 5 of the Dungeon
  2282 | D:4      | Reached skill level 6 in Armour
  2284 | D:4      | Reached skill level 5 in Fighting
  2317 | D:4      | Demolished by an ogre

Vault maps used:
D:1:      dpeg_arrival_water_altar
D:2:      overflow_temple_1_default, nicolae_qazlal_style_of_elements
D:3:      tso_oasis_becter, lemuel_doored_altar
D:4:      marbit_many_paths
D:5:      minmay_temple_entry_statues_pillars, first_bread,
          minmay_misc_feat_doors, minivault_5, yredelemnul_altar_generic

Skill      XL: |  1  2  3  4  5  6 |
---------------+-------------------+-----
Armour         | 4 5 6 |  6.6
Shields        | 4 5 |  5.3
Fighting       | 4 5 |  5.1
Axes           | 3 4 |  4.1

Action                   |  1- 3 |  4- 6 || total
-------------------------+-------+-------++-------
Melee: War axe           |    25 |       ||    25
       Headbutt          |    12 |    14 ||    26
       Hand axe          |    63 |    74 ||   137
  Use: Potion            |     1 |       ||     1
  Eat: Chunk             |     1 |     2 ||     3
Armor: Scale mail        |    61 |    21 ||    82
Dodge: Dodged            |    38 |    28 ||    66
Block: Shield            |    57 |    32 ||    89
